AoeStats
← zephyrutia

Pilgrims

509541926Analyzed
2v2 RM · 6d ago on Sep 27, 2026· 42m 47s· 4 players
Game mode
Random Map
Map size
Medium (4 player)
Population
200
Speed
Normal
Resources
Standard
Victory
Conquest
Starting age
Dark Age
Ending age
Imperial Age
RankedLock teamsTeams togetherTeam positionsShared explorationLock speedFull tech treeHidden civsTurbo modeCheats
Victory
Defeat
🇩🇪 Celts · Germany
880
+17
🇨🇱 Portuguese · Chile
856
+18
🇺🇸 Vikings · United States
908
-18
🇳🇵 Portuguese · Nepal
878
-17
nguerrah99
5:00 Loom
11:13 Feudal Age
13:04 Wheelbarrow
13:38 Fishing Lines
14:11 Gold Mining
23:10 Castle Age
20:59 Town Watch
22:06 Bloodlines
22:02 Stone Mining
22:03 Double-Bit Axe
24:06 Bow Saw
23:41 Horse Collar
24:41 Husbandry
25:50 Hand Cart
26:15 Medium Warships
30:52 Imperial Age
29:26 Pikeman
29:31 Elite Skirmisher
31:01 Clinker Construction
31:02 Careening
31:13 Ballistics
34:23 Heavy Plow
36:04 Gillnets
36:26 Scale Mail Armor
36:36 Forging
36:27 Padded Archer Armor
36:18 Fletching
37:30 Conscription
37:19 Circumnavigation
37:47 Chain Mail Armor
37:24 Gambesons
37:00 Man-at-Arms
37:26 Arson
38:29 Iron Casting
38:57 Elite Organ Gun
40:05 Long Swordsman
42:15 Chemistry
40:57 Treadmill Crane
41:23 Siege Engineers
41:20 Murder Holes
41:04 Two-Handed Swordsman
42:34 Masonry
42:08 Champion
42:19 Capped Ram
mxn
12:31 Feudal Age
13:47 Double-Bit Axe
14:24 Loom
17:47 Castle Age
15:40 Loom
16:10 Fishing Lines
19:29 Bow Saw
22:41 Fletching
22:52 Padded Archer Armor
24:08 Medium Warships
25:01 Pikeman
27:51 Wheelbarrow
27:39 Demolition Ship
34:24 Imperial Age
32:10 Hand Cart
33:55 Scale Mail Armor
34:06 Forging
34:37 Arson
35:10 Chain Mail Armor
37:44 Halberdier
40:41 Elite Woad Raider
43:40 Plate Mail Armor
43:45 Iron Casting
zephyrutia
8:50 Loom
10:49 Feudal Age
19:29 Castle Age
17:38 Scale Barding Armor
19:49 Fletching
24:22 Medium Warships
26:32 Padded Archer Armor
27:06 Crossbowman
29:15 Town Watch
32:25 Chain Barding Armor
33:02 Forging
34:35 Iron Casting
41:03 Imperial Age
44:15 Imperial Age
Magikarp
6:56 Loom
11:13 Feudal Age
11:51 Town Watch
11:55 Loom
18:00 Castle Age
18:30 Bloodlines
26:17 Medium Warships
27:12 Fletching
27:36 Forging
37:25 Imperial Age
42:19 Pikeman
42:45 Arson
Connection lost

Rejoining the realm…

Still unreachable

The connection could not be restored.

Session expired

The server has moved on; the page needs a fresh start.